Map: King Sejong Station LE

Players

Fropez

  • Race: Protoss Protoss
  • League: Gold
  • Spawn Location: 11:00

BeanslyJones - Winner!

  • Race: Zerg Zerg
  • League: Gold
  • Spawn Location: 5:00

VOD

Have the link to the VOD?

Description

Time

  • Played on: Nov. 16, 2016, 6:21 p.m.
  • Length: 16:10
Show
View Real Time Build Order
Export as new Build Order

Fropez Protoss 

Build Orders: 1 Gate Expand, Double Forge 

Get SALT Encoding   

  12  0:01  Probe (Chrono Boost)  
  13  0:11  Probe (Chrono Boost)  
  14  0:19  Pylon  
  14  0:22  Probe (Chrono Boost)  
  15  0:38  Probe (Chrono Boost)  
  15  0:39  Gateway  
  16  0:44  Assimilator  
  16  0:48  Probe (Chrono Boost)  
  17  1:02  Probe (Chrono Boost)  
  18  1:15  Probe (Chrono Boost)  
  19  1:26  Nexus  
  19  1:30  Probe (Chrono Boost)  
  20  1:40  Pylon  
  20  1:44  Pylon  
  20  1:46  Probe (Chrono Boost)  
  21  1:55  Cybernetics Core  
  21  1:58  Probe (Chrono Boost)  
  22  2:09  Probe (Chrono Boost)  
  23  2:19  Gateway  
  23  2:23  Gateway  
  24  2:31  Assimilator  
  24  2:33  Mothership Core (Chrono Boost)  
  24  2:36  Warp Gate (Chrono Boost)  
  25  2:47  Probe (Chrono Boost)  
  25  3:01  Pylon  
  25  3:04  Gateway  
  25  3:14  Adept x3  
  25  3:16  Probe x2  
  33  3:29  Probe  
  33  3:36  Probe  
  34  3:43  Adept x2  
  34  3:45  Adept  
  40  3:54  Twilight Council  
  41  3:55  Probe  
  41  4:00  Probe  
  42  4:07  Probe  
  43  4:17  Pylon  
  43  4:22  Probe  
  43  4:23  Probe  
  44  4:28  Forge  
  44  4:29  Forge  
  45  4:33  Probe  
  45  4:34  Probe  
  45  4:37  Adept  
  45  4:38  Adept  
  50  5:10  Probe  
  50  5:11  Probe  
  50  5:14  Stalker x4  
  54  5:16  Protoss Ground Weapons Level 1 (Chrono Boost)  
  60  5:26  Probe x2, Assimilator  
  62  5:30  Assimilator, Protoss Ground Armor Level 1 (Chrono Boost)  
  62  5:33  Gateway  
  62  5:38  Probe x2  
  62  5:39  Pylon  
  64  5:45  Adept x2  
  68  5:50  Probe  
  68  5:51  Probe  
  70  6:02  Charge (Chrono Boost)  
  70  6:03  Probe x2  
  72  6:07  Zealot  
  72  6:08  Zealot  
  76  6:15  Pylon, Probe x2  
  78  6:19  Pylon  
  78  6:33  Probe  
  78  6:35  Probe  
  78  6:39  Gateway  
  80  6:41  Gateway  
  80  6:45  Probe  
  81  6:54  Stalker x2  
  81  6:55  Stalker x3  
  81  6:57  Probe  
  81  6:58  Probe  
  93  7:19  Adept x3  
  91  7:25  Probe x2  
  89  7:36  Zealot x2  
  87  7:46  Nexus  
  87  7:49  Pylon, Photon Cannon  
  87  7:51  Probe x2  
  80  7:54  Zealot x4  
  80  7:55  Zealot  
  80  7:57  Protoss Ground Armor Level 2  
  91  8:03  Probe x2  
  93  8:08  Pylon  
  93  8:10  Protoss Ground Weapons Level 2  
  93  8:15  Probe x2  
  95  8:20  Resonating Glaives (Chrono Boost)  
  95  8:23  Zealot x3  
  79  8:45  Nexus  
  73  9:00  Probe  
  73  9:01  Probe  
  75  9:04  Pylon  
  75  9:07  Zealot x4  
  75  9:08  Pylon, Zealot x3  
  89  9:13  Probe  
  90  9:19  Probe  
  91  9:25  Probe  
  92  9:31  Probe  
  92  9:37  Probe  
  82  9:40  Zealot x5  
  82  9:41  Zealot x2  
  96  9:50  Probe x2  
  96  9:55  Protoss Ground Armor Level 3  
  96  9:56  Assimilator  
  96  9:58  Gateway  
  96  9:59  Photon Cannon  
  96  10:02  Probe, Assimilator  
  96  10:04  Gateway  
  91  10:19  Zealot x3  
  97  10:34  Zealot  
  97  10:35  Photon Cannon, Zealot x3  
  105  10:37  Probe  
  105  10:38  Probe x2  
  108  10:47  Templar Archives  
  108  10:48  Photon Cannon  
  108  10:52  Pylon  
  108  10:54  Pylon  
  108  11:07  Pylon  
  108  11:11  Nexus  
  108  11:15  Pylon  
  108  11:22  Pylon  
  108  11:26  Pylon  
  108  11:29  Protoss Ground Weapons Level 3  
  108  11:35  Robotics Facility  
  108  11:43  Zealot x3  
  108  11:44  Zealot x4  
  108  11:46  Probe  
  122  11:47  Probe x2  
  124  12:17  Photon Cannon  
  124  12:19  Photon Cannon  
  124  12:27  Assimilator  
  124  12:41  Assimilator  
  122  12:44  Zealot  
  122  12:45  Zealot x5  
  122  12:46  Zealot x3  
  107  13:06  High Templar x4  
  107  13:07  High Templar x5  
  107  13:10  Archon x2  
  107  13:11  Archon x2  
  109  13:39  High Templar x2  
  109  13:40  High Templar x6  
  109  13:41  High Templar  
  123  13:43  Archon  
  123  13:44  Archon x3  
  123  13:52  Archon  
  123  14:10  Nexus  
  123  14:12  Assimilator  
  123  14:13  Zealot x2  
  123  14:14  Zealot x4  
  123  14:15  Zealot x2  
  123  14:16  Assimilator  
  139  14:20  Pylon  
  139  14:22  Pylon  
  139  14:40  Zealot x2  
  139  14:41  Zealot  
  139  14:42  Zealot x3  
  139  14:43  Zealot  
  139  14:44  Zealot x2  
  109  15:10  Zealot x6  
  109  15:11  Zealot x2  
  66  15:35  Zealot  
  66  15:36  Zealot x6  
  40  15:59  High Templar x5  
  40  16:00  High Templar x2  
  40  16:03  Archon x3  
Show
View Real Time Build Order
Export as new Build Order

BeanslyJones Zerg - Winner!

Build Orders: Pool First 

Get SALT Encoding   

  12  0:02  Drone  
  13  0:11  Drone  
  14  0:18  Overlord  
  14  0:37  Drone  
  14  0:38  Drone x2  
  17  1:01  Spawning Pool  
  17  1:02  Drone  
  17  1:03  Drone  
  18  1:13  Drone  
  19  1:24  Overlord  
  19  1:30  Extractor  
  18  1:34  Drone, Hatchery  
  18  1:42  Overlord  
  18  1:51  Queen  
  18  1:53  Zergling x2  
  21  2:10  Zergling x2  
  22  2:21  Zergling x2  
  23  2:28  Queen  
  25  2:33  Hatchery  
  24  2:39  Drone x2  
  26  2:46  Extractor, Drone  
  26  2:56  Drone x2  
  28  3:09  Metabolic Boost  
  28  3:23  Drone x2  
  28  3:24  Drone x4  
  33  3:36  Zergling x10  
  38  3:45  Overlord x2  
  38  3:49  Drone x2  
  40  3:59  Queen  
  42  4:10  Drone  
  42  4:11  Drone x5  
  48  4:18  Roach Warren  
  47  4:24  Spore Crawler  
  47  4:25  Drone x2  
  48  4:45  Lair  
  48  4:55  Overlord x2  
  48  5:03  Roach x7  
  60  5:19  Roach x6  
  72  5:23  Roach  
  74  5:35  Overlord  
  74  5:43  Glial Reconstitution  
  74  5:47  Extractor  
  73  5:50  Extractor, Queen  
  73  5:53  Queen  
  73  5:54  Evolution Chamber  
  73  5:56  Evolution Chamber  
  74  6:11  Drone  
  74  6:12  Drone x7  
  74  6:14  Overlord x2  
  82  6:21  Zerg Melee Weapons Level 1  
  82  6:28  Zerg Ground Armor Level 1  
  82  6:32  Ravager  
  83  6:34  Ravager  
  83  6:36  Drone x2  
  83  6:37  Drone x2  
  83  7:23  Zergling x2  
  83  7:24  Zergling x12  
  89  8:00  Overlord x4  
  89  8:14  Overlord x3  
  89  8:15  Overlord  
  89  8:16  Zerg Melee Weapons Level 2  
  84  8:33  Tunneling Claws  
  82  8:35  Zerg Ground Armor Level 2  
  68  8:51  Zergling x26  
  68  8:52  Zergling x4  
  74  9:00  Zergling x2  
  64  9:27  Roach  
  64  9:28  Roach x8  
  76  10:01  Roach x6  
  76  10:02  Roach x2  
  91  10:10  Spire  
  91  10:13  Hydralisk Den  
  80  10:15  Zergling x2  
  80  10:16  Zergling x20  
  91  10:22  Roach  
  91  10:27  Roach  
  95  10:40  Roach  
  97  10:48  Hatchery  
  96  10:52  Hydralisk x2  
  96  10:56  Hatchery  
  99  11:07  Drone x7  
  106  11:17  Zerg Missile Weapons Level 1  
  106  11:20  Hydralisk  
  106  11:21  Hydralisk  
  106  11:22  Hydralisk  
  112  11:42  Hydralisk x5  
  122  12:15  Hydralisk x2  
  122  12:16  Hydralisk x4  
  128  13:01  Zergling x10  
  128  13:02  Zergling x8  
  132  13:26  Hydralisk  
  130  13:27  Hydralisk x5  
  140  13:44  Mutalisk  
  140  13:45  Mutalisk  
  144  13:48  Drone  
  144  13:49  Drone x9  
  154  14:01  Zergling x24  
  166  14:05  Overlord  
  166  14:06  Overlord x2  
  166  14:25  Infestation Pit  
  165  14:45  Hydralisk x4  
  138  15:11  Zergling x2  
  138  15:12  Zergling x10  
  138  15:13  Infestor  
  138  15:16  Zergling x16  
  142  15:30  Zergling x2  
  142  15:31  Zergling x18  
  152  15:39  Roach x3  
Tags
 
Add a new tag
Caveats
  • Supply blocks, unpowered buildings, or Contaminate may cause inaccurate times.
  • Supply counts are checked every 10 seconds.